 Dungeon Crawl Stone Soup version 0.20-a0-201-g851c6fa (webtiles) character file.

63 feito the Poker (level 3, 0/28 HPs)
             Began as a Demonspawn Gladiator on Nov 24, 2016.
             Succumbed to an adder's poison
             ... on level 2 of the Dungeon.
             The game lasted 00:06:57 (1361 turns).

feito the Poker (Demonspawn Gladiator)              Turns: 1361, Time: 00:06:58

Health: 0/28       AC:  3    Str: 13 (15) XL:     3   Next: 87%
Magic:  3/3        EV: 11    Int:  8 (9)  God:
Gold:   52         SH:  4    Dex: 12 (14) Spells: 2/2 levels left

rFire  . . .     SeeInvis .     a - +0 trident
rCold  . . .     Gourm    .     b - +0 leather armour
rNeg   . . .     Faith    .     g - +1 buckler
rPois  .         Spirit   .     (helmet restricted)
rElec  .         Reflect  .     (no cloak)
rCorr  +         Harm     .     (no gloves)
MR     .....                    (no boots)
Stlth  +.........               (no amulet)
                                (no ring)
                                h - ring of resist corrosion

@: lethally poisoned (0 -> -3), very slightly contaminated
A: horns 1
a: no special abilities


You were on level 2 of the Dungeon.
You were not hungry.

You visited 1 branch of the dungeon, and saw 2 of its levels.

You collected 52 gold pieces.

Inventory:

Hand Weapons
 a - a +0 trident (weapon)
 m - a +0 whip of flaming
Missiles
 d - 3 throwing nets (quivered)
 p - 23 poisoned needles
Armour
 b - a +0 leather armour (worn)
 c - a +0 helmet
 g - a +1 buckler (worn)
Jewellery
 h - a ring of resist corrosion (left hand)
Scrolls
 n - a scroll of magic mapping
Comestibles
 f - a bread ration


   Skills:
 * Level 2.7 Fighting
 + Level 2.9 Polearms
 + Level 2.2 Throwing
 + Level 1.0 Armour
 + Level 2.9 Dodging
 + Level 1.1 Stealth


You had 2 spell levels left.
You didn't know any spells.

Dungeon Overview and Level Annotations

Branches:
Dungeon (2/15)

Altars:


Innate Abilities, Weirdness & Mutations

You have a pair of small horns on your head.


Message History

As you read the scroll labeled OLLOWA TICK, it crumbles to dust.
It was a scroll of blinking.
As you read the scroll labeled ATOABB EMISEA, it crumbles to dust.
You hear a loud clanging noise!
It was a scroll of noise.
* * * LOW HITPOINT WARNING * * *
You feel sick.
You hear a shout! x2
As you read the scroll labeled UVOIFU ZONT, it crumbles to dust.
It is a scroll of enchant armour.
Your +0 buckler glows green for a moment.
You start eating one of the 2 bread rations.
You continue eating.
* * * LOW HITPOINT WARNING * * *
You feel sick.
You continue eating.
You finish eating.
That bread ration really hit the spot!
* * * LOW HITPOINT WARNING * * *
You feel sick.
You die...

#.# #... #.# #... #.#######
#... # #.......# #.##
#.#########.########## #. #
.......####.#........# # #
..........#.#........# #.##
#.....##.#.#........######.#.
+...........@................
#.#........#........#..#####.
#.#......#.............# #. #
#.##.†##.............# #. #.
#...#.............#### #.
#.#.#........#..#....# #.
#.#.##########..#.#.## #.
..#.. ..........#.#.## #.#
..#########.##.#.##


There were no monsters in sight!

Vanquished Creatures
  2 adders (D:2)
  2 worms (D:2)
  A dart slug (D:2)
  3 giant cockroaches
  3 goblins (D:1)
  5 hobgoblins (D:1)
  4 jackals (D:1)
  7 kobolds
  3 bats
  A frilled lizard (D:1)
  5 rats (D:1)
36 creatures vanquished.

Notes
Turn   | Place    | Note
-------+----------+-------------------------------------------
     0 | D:1      | feito the Demonspawn Gladiator began the quest for the Orb.
     0 | D:1      | Reached XP level 1. HP: 16/16 MP: 1/1
   251 | D:1      | Gained mutation: You have a pair of small horns on your head. [demonic ancestry]
   251 | D:1      | Reached XP level 2. HP: 18/22 MP: 2/2
   506 | D:1      | Reached skill level 1 in Stealth
   596 | D:1      | Reached XP level 3. HP: 15/28 MP: 3/3
   947 | D:2      | Reached skill level 1 in Armour
  1357 | D:2      | HP: 1/28 [poisoned by an adder]
  1361 | D:2      | Succumbed to an adder's poison

Vault maps used:
D:1:      lightli_arrival_farm, hangedman_feature_mirror
D:2:      nicolae_qazlal_eye_of_the_storm, minmay_cupped

Skill      XL: |  1  2  3 |
---------------+----------+-----
Throwing       | 2 |  2.2
Stealth        | 1 |  1.1
Armour         | 1 |  1.0
Fighting       | |  2.7
Polearms       | |  2.9
Dodging        | |  2.9

Action                   || total
-------------------------++-------
Melee: Trident           ||   126
       Whip              ||     5
       Headbutt          ||    11
  Use: Scroll            ||     5
       Potion            ||     1
 Stab: Sleeping          ||     2
  Eat: Bread ration      ||     1
       Chunk             ||     1
Armor: Leather armour    ||    24
Dodge: Dodged            ||    66
Block: Buckler           ||    17
